 Dungeon Crawl Stone Soup version 0.26-a0-646-g5d7718319a (webtiles) character file.

Game seed: 2884585541899435825

56548 MrRokkomies the Zephyrmancer (level 14, -3/88 HPs)
             Began as a Tengu Air Elementalist on Sept 24, 2020.
             Was a High Priest of Kikubaaqudgha.
             Shot with an arrow by a centaur warrior (23 damage)
             ... on level 13 of the Dungeon.
             The game lasted 01:10:14 (32005 turns).

MrRokkomies the Zephyrmancer (TeAE)                Turns: 32005, Time: 01:10:17

Health: -3/88      AC:  5    Str: 12    XL:     14   Next: 82%
Magic:  5/27       EV: 27    Int: 21    God:    Kikubaaqudgha [*****.]
Gold:   1291       SH:  0    Dex: 15    Spells: 1/29 levels left

rFire    . . .     SeeInvis .   b - +9 staff of Wucad Mu {channel}
rCold    + + .     Faith    .   (no shield)
rNeg     . . .     Spirit   .   K - +1 robe of Obits {rPois rC+ Str+4}
rPois    +         Reflect  .   (helmet restricted)
rElec    +         Harm     .   c - +1 cloak {rCorr}
rCorr    +         Rampage  .   (no gloves)
MR       +....                  (boots unavailable)
Stlth    ++........             L - amulet "Haos" {rElec rPois Regen+}
HPRegen  0.64/turn              k - +4 ring of evasion
MPRegen  0.20/turn              P - ring of protection from cold

@: swift, flying quickly and evasively, very quick
A: beak, talons 3, able to fly
a: Stop Flying, Receive Corpses, Torment, Renounce Religion


You were on level 13 of the Dungeon.
You worshipped Kikubaaqudgha.
Kikubaaqudgha was extremely pleased with you.
You visited 2 branches of the dungeon, and saw 17 of its levels.
You also visited: Gauntlet.

You collected 1291 gold pieces.

Inventory:

Hand Weapons
 a - the +8 scimitar of Beyond {vorpal, rC+ MR+}
   (You found it on level 6 of the Lair of Beasts)

   It inflicts extra damage upon your enemies.
   It protects you from cold.
   It affects your resistance to hostile enchantments.
 b - the +9 staff of Wucad Mu (weapon) {channel}
   (You acquired it on level 8 of the Dungeon)
 j - a +5 mace
 O - a +1 rapier of venom
 T - the +6 flail of the Twisting Enemy {freeze, Int+5 Dex+2}
   (You found it in a Gauntlet)

   It has been specially enchanted to freeze those struck by it, causing extra
   injury to most foes and up to half again as much damage against particularly
   susceptible opponents.
   It can also slow down cold-blooded creatures.
   It affects your intelligence (+5).
   It affects your dexterity (+2).
Missiles
 C - 6 curare-tipped darts (quivered)
Armour
 c - a +1 cloak of preservation (worn)
 K - the +1 robe of Obits (worn) {rPois rC+ Str+4}
   (You found it on level 2 of the Lair of Beasts)

   It affects your strength (+4).
   It protects you from cold.
   It protects you from poison.
Jewellery
 k - a +4 ring of evasion (left hand)
 l - an uncursed ring of magical power
 z - an uncursed ring of ice
 A - a +6 ring of strength
 D - an uncursed ring of see invisible
 G - an uncursed ring of positive energy
 I - a cursed ring of ice
 J - an uncursed ring of resist corrosion
 L - the amulet "Haos" (around neck) {rElec rPois Regen+}
   (You found it on level 4 of the Lair of Beasts)

   [amulet of regeneration]

   It insulates you from electricity.
   It protects you from poison.
   It increases your rate of regeneration.
 P - a ring of protection from cold (right hand)
 Q - a +4 ring of protection {unknown}
Wands
 n - a wand of iceblast (27)
 w - a wand of polymorph (18)
 F - a wand of digging (4)
 H - a wand of random effects (30)
Scrolls
 d - 2 scrolls of fog
 o - a scroll of magic mapping
 p - a scroll of fear
 q - 3 scrolls of enchant weapon
 t - 5 scrolls of amnesia
 x - 10 scrolls of remove curse
 y - 7 scrolls of identify
 B - 4 scrolls of teleportation
 N - a scroll of enchant armour
Potions
 e - 5 potions of degeneration
 f - 2 potions of mutation
 g - 3 potions of berserk rage
 h - a potion of ambrosia
 i - 7 potions of stabbing
 m - 3 potions of brilliance
 r - a potion of haste
 u - 7 potions of curing
 v - a potion of resistance
 M - 3 potions of might
Miscellaneous
 R - a phantom mirror
 S - a phial of floods


   Skills:
 - Level 10.0 Fighting
 + Level 10.1 Dodging
 - Level 2.0 Stealth
 - Level 8.0 Spellcasting
 - Level 8.0 Conjurations
 * Level 11.3 Necromancy
 + Level 6.8 Ice Magic
 - Level 12.0 Air Magic
 - Level 12.0 Evocations


You had one spell level left.
You knew the following spells:

 Your Spells              Type           Power        Failure   Level
a - Shock                 Conj/Air       ####         1%          1
b - Swiftness             Air            ######..     1%          2
c - Static Discharge      Conj/Air       ######..     1%          3
d - Airstrike             Air            ######....   1%          4
e - Lightning Bolt        Conj/Air       ######....   3%          5
f - Animate Dead          Necr           ######....   1%          4
g - Frozen Ramparts       Ice            #####.       1%          3
h - Death Channel         Necr           ######....   12%         6

Your spell library contained the following spells:

 Spells                   Type           Power        Failure   Level
 Animate Skeleton         Necr           ######       1%          1
 Freeze                   Ice            ####         1%          1
 Pain                     Necr           ####         1%          1
 Corona                   Hex            #......      8%          1
 Sublimation of Blood     Necr           ######....   1%          2
 Mephitic Cloud           Conj/Pois/Air  #####...     1%          3
 Ozocubu's Armour         Ice            #####...     1%          3
 Vampiric Draining        Necr           ######....   1%          3
 Dispel Undead            Necr           ######..     1%          4
 Excruciating Wounds      Necr           ######....   2%          5
 Ensorcelled Hibernation  Hex/Ice        ###...       3%          2
 Hailstorm                Conj/Ice       #####...     3%          4
 Dazzling Flash           Conj/Hex       ####..       4%          3
 Summon Ice Beast         Ice/Summ       ###.....     19%         4
 Silence                  Hex/Air        ####......   19%         5
 Borgnjor's Vile Clutch   Necr/Erth      ####......   22%         5
 Confusing Touch          Hex            #.......     24%         3
 Tukima's Dance           Hex            #.......     24%         3
 Irradiate                Conj/Tmut      ####......   38%         5
 Hydra Form               Tmut           #.........   100%        6


Dungeon Overview and Level Annotations

Branches:
Dungeon (13/15)            Temple (0/1) D:6            Lair (6/6) D:8
 Shoals (0/4) Lair:3       Spider (0/4) Lair:3        Slime (0/5) Lair:6
Gauntlet (visited)
    Orc: D:9-12      Vaults: D:13-14

Altars:
Dithmenos
Fedhas
Kikubaaqudgha
Okawaru
Uskayaw
Yredelemnul
Jiyva


Innate Abilities, Weirdness & Mutations

You have a beak for a mouth.
You have claws for feet.
You can fly continuously.


Message History

The centaur warrior shoots an arrow.
The arrow hits your soldier ant!!
Your soldier ant dies!
Your soldier ant's corpse dissolves into shadows!
Your water moccasin bites the centaur warrior but does no damage.
Your troll bites the centaur warrior but does no damage.
Your troll claws the centaur warrior! x2
Casting: Swiftness (safe; 1% risk of failure)
Confirm with . or Enter, or press ? or * to list all spells.
You call on the dead to rise...
The dead are walking!
Magical energy flows into your mind!
Your water moccasin barely misses the centaur warrior.
Your water moccasin closely misses the centaur warrior.
Your troll bites the centaur warrior.
Your troll claws the centaur warrior.
Your troll claws the centaur warrior!
The centaur warrior unwields a +0 longbow.
The centaur warrior hits your troll but does no damage.
The centaur warrior wields a +0 shortbow.
The centaur warrior shoots an arrow.
The arrow hits you!!
You die...
Kikubaaqudgha rasps: "You have failed me!
Welcome... death!"

#.#........# *,*****
#.#........# *,,,,,,
#.####..\..# *****,,
#..,,+cS...# *,,
#.####cT...# *,,
*#..........# *,,
*+......##### *,,
###+.Z....# *,,
#####....##@### *,,
#.........#.#***** *,,
#$........#..,,,,* ***
#.........####**,*
***** #.........# *,*
*,,,, #######.###
**,** *,***
#.#******,,,* *,* *
#.#*,,,,+,,,** *,* *
*******
#.#*,****,,,,*****,***


You could see 2 centaur warriors, a friendly troll (summoned), a friendly water
moccasin (summoned) and a friendly orc skeleton.

Vanquished Creatures
  A frost giant (Lair:6)
  A minotaur (Gauntlet)
  3 dire elephants (Lair:6)
  A blizzard demon (Gauntlet)
  Snorg (D:10)
  A great orb of eyes (D:13)
  9 hydras
  A centaur warrior (D:13)
  A queen ant (Lair:2)
  5 death yaks
  3 two-headed ogres (D:10)
  An anaconda (Lair:6)
  Sonja (D:10)
  2 oklob plants (Lair:4)
  23 elephants
  4 black mambas
  A manticore (Lair:3)
  2 torpor snails (Lair:5)
  A gargoyle (D:13)
  7 cane toads
  3 rime drakes
  5 komodo dragons
  An ice devil (Gauntlet)
  A troll (D:10)
  A hornet (D:7)
  4 dream sheep (Lair:5)
  8 blink frogs
  6 hippogriffs
  Sigmund (D:2)
  A redback (Lair:3)
  2 shadows (Gauntlet)
  4 fire bats (Gauntlet)
  A wraith (D:13)
  20 yaks
  4 basilisks
  A wyvern (Lair:6)
  2 wargs (Lair:1)
  5 soldier ants
  8 water moccasins
  9 porcupines
  A sky beast (D:10)
  2 orc warriors (D:9)
  2 ice beasts
  2 black bears (D:10)
  21 wolves
  7 ogres
  3 centaurs
  A phantom (D:10)
  8 crocodiles
  A big kobold (D:7)
  11 bullfrogs
  A water moccasin zombie (D:7)
  6 scorpions
  5 killer bees (D:8)
  4 wights (D:9)
  A howler monkey (D:4)
  An electric eel (Lair:3)
  2 bullfrog skeletons
  4 bullfrog zombies
  3 quasits
  13 hounds
  6 orc priests
  A gnoll shaman (D:5)
  2 jellies (D:7)
  11 orc wizards
  3 centaur skeletons
  3 iguanas
  Ijyb (D:3)
  Natasha (D:2)
  23 worker ants
  2 hound zombies (D:7)
  A hound skeleton (D:4)
  6 adders
  9 gnolls
  2 shadow imps (D:7)
  3 white imps
  An ufetubus (D:10)
  5 oozes
  2 adder skeletons
  An adder zombie (D:7)
  2 worms (D:2)
  3 dart slugs
  3 leopard geckos
  24 orcs
  3 giant cockroaches
  9 goblins
  7 hobgoblins
  6 jackals
  4 quokkas
  4 ball pythons
  11 bats
  8 frilled lizards
  10 kobolds
  A quokka skeleton (D:5)
  A quokka zombie (D:5)
  5 rats
  A spectral orc (D:8)
440 creatures vanquished.

Vanquished Creatures (collateral kills)
  A dire elephant (Lair:6)
  An ugly thing (D:13)
  3 elephants
5 creatures vanquished.

Vanquished Creatures (others)
  A bush (Lair:5)
  50 fungi
  75 plants
126 creatures vanquished.

Grand Total: 571 creatures vanquished

Notes
Turn   | Place    | Note
-------+----------+-------------------------------------------
     0 | D:1      | MrRokkomies the Tengu Air Elementalist began the quest for
                  | the Orb.
     0 | D:1      | Reached XP level 1. HP: 10/10 MP: 4/4
   132 | D:1      | Reached XP level 2. HP: 11/16 MP: 0/6
   651 | D:1      | Reached XP level 3. HP: 13/20 MP: 7/7
   761 | D:1      | Learned a level 2 spell: Swiftness
   765 | D:1      | Learned a level 3 spell: Static Discharge
  1078 | D:1      | Reached skill level 1 in Fighting
  1088 | D:1      | You fall into a shaft and drop 1 floor!
  1130 | D:2      | Reached XP level 4. HP: 25/25 MP: 0/8
  1137 | D:2      | Reached skill level 5 in Air Magic
  1719 | D:2      | Gained mutation: You can fly continuously. [Tengu growth]
  1719 | D:2      | Reached XP level 5. HP: 29/29 MP: 5/9
  2112 | D:2      | Noticed Sigmund
  2130 | D:2      | Killed Sigmund
  2130 | D:2      | Reached XP level 6. HP: 5/35 MP: 6/10
  2748 | D:2      | Noticed Natasha
  2753 | D:2      | Killed Natasha
  2886 | D:3      | Noticed Ijyb
  3221 | D:3      | Reached skill level 5 in Conjurations
  3463 | D:3      | Killed Ijyb
  3617 | D:3      | Found an ancient bone altar of Kikubaaqudgha.
  3625 | D:3      | Became a worshipper of Kikubaaqudgha
  4044 | D:4      | Reached XP level 7. HP: 30/40 MP: 0/11
  4689 | D:5      | Entered Level 5 of the Dungeon
  4968 | D:5      | Reached * piety under Kikubaaqudgha
  4968 | D:5      | Identified Kikubaaqudgha's Disquisition on Stolen Souls
                  | (Kikubaaqudgha gifted it to you on level 5 of the Dungeon)
  4968 | D:5      | Received a gift from Kikubaaqudgha
  4968 | D:5      | Reached XP level 8. HP: 46/46 MP: 8/12
  5273 | D:5      | Learned a level 4 spell: Airstrike
  6161 | D:6      | Found a hide-covered altar of Uskayaw.
  6401 | D:6      | Found an iron altar of Okawaru.
  6405 | D:6      | Reached skill level 5 in Dodging
  6684 | D:6      | Found a staircase to the Ecumenical Temple.
  7206 | D:7      | Noticed a hornet
  7208 | D:7      | Killed a hornet
  7208 | D:7      | Reached XP level 9. HP: 52/52 MP: 4/14
  7635 | D:7      | Reached skill level 10 in Air Magic
  7962 | D:7      | Reached ** piety under Kikubaaqudgha
  8703 | D:8      | Found a blossoming altar of Fedhas.
  8729 | D:8      | Found a basalt altar of Yredelemnul.
  8785 | D:8      | Learned a level 5 spell: Lightning Bolt
  8809 | D:8      | Reached skill level 5 in Fighting
  9152 | D:8      | Reached skill level 5 in Spellcasting
  9152 | D:8      | Reached XP level 10. HP: 59/59 MP: 9/18
  9209 | D:8      | Found a shadowy altar of Dithmenos.
  9211 | D:8      | Identified a scroll of acquirement
  9211 | D:8      | Acquired the +9 staff of Wucad Mu {channel}
  9212 | D:8      | Found the +9 staff of Wucad Mu {channel}
  9317 | D:8      | Noticed a death yak
  9415 | D:8      | Noticed a death yak
  9416 | D:8      | Noticed a death yak
  9672 | D:8      | Found a staircase to the Lair.
 11297 | D:10     | Entered Level 10 of the Dungeon
 11508 | D:10     | Noticed Snorg
 11509 | D:10     | Reached skill level 1 in Evocations
 11510 | D:10     | Noticed Sonja
 11729 | D:9      | Reached *** piety under Kikubaaqudgha
 11729 | D:9      | Identified Kikubaaqudgha's Collected Works on Darkness
                  | (Kikubaaqudgha gifted it to you on level 9 of the Dungeon)
 11729 | D:9      | Received a gift from Kikubaaqudgha
 11736 | D:9      | Learned a level 4 spell: Animate Dead
 11930 | D:10     | Killed Sonja
 12984 | D:10     | Reached XP level 11. HP: 66/66 MP: 17/22
 13018 | D:10     | Learned a level 3 spell: Frozen Ramparts
 13018 | D:10     | Noticed a two-headed ogre
 13022 | D:10     | Killed a two-headed ogre
 13187 | D:10     | Noticed a two-headed ogre
 13196 | D:10     | Killed a two-headed ogre
 14061 | D:10     | Noticed a two-headed ogre
 14073 | D:10     | Killed a two-headed ogre
 14277 | D:10     | Reached skill level 5 in Evocations
 14538 | Lair:1   | Entered Level 1 of the Lair of Beasts
 15810 | Lair:1   | Reached **** piety under Kikubaaqudgha
 15921 | Lair:1   | Reached skill level 1 in Necromancy
 16460 | Lair:2   | Reached skill level 1 in Ice Magic
 17007 | Lair:2   | Reached XP level 12. HP: 73/73 MP: 12/25
 17237 | Lair:2   | Noticed a death yak
 17238 | Lair:2   | Noticed a death yak
 17254 | Lair:2   | Noticed a death yak
 17274 | Lair:2   | Killed a death yak
 17280 | Lair:2   | Killed a death yak
 17580 | Lair:2   | Noticed a six-headed hydra
 17587 | Lair:2   | Killed a six-headed hydra
 17718 | Lair:2   | Reached ***** piety under Kikubaaqudgha
 18086 | Lair:2   | Noticed a six-headed hydra
 18440 | Lair:2   | Killed a six-headed hydra
 18440 | Lair:2   | Reached skill level 5 in Necromancy
 18443 | Lair:2   | Got a twisted robe
 18958 | Lair:2   | Identified the +1 robe of Obits {rPois rC+ Str+4} (You
                  | found it on level 2 of the Lair of Beasts)
 18979 | Lair:3   | Noticed a queen ant
 19086 | Lair:2   | Killed a queen ant
 19402 | Lair:3   | Noticed a four-headed hydra
 19561 | Lair:3   | Killed a four-headed hydra
 19987 | Lair:3   | Found a hole to the Spider Nest.
 20053 | Lair:3   | Found a staircase to the Shoals.
 20387 | Lair:3   | Reached XP level 13. HP: 37/79 MP: 1/26
 22486 | Lair:4   | Reached skill level 10 in Dodging
 22493 | Lair:4   | HP: 4/80 [elephant (18)]
 23473 | Lair:4   | Got a brightly glowing iron amulet
 23479 | Lair:4   | Identified the amulet "Haos" {rElec rPois Regen+} (You
                  | found it on level 4 of the Lair of Beasts)
 24390 | Lair:5   | Found a runed translucent door.
 24592 | Lair:5   | Reached skill level 5 in Ice Magic
 24592 | Lair:5   | Reached skill level 10 in Evocations
 25780 | Lair:6   | Entered Level 6 of the Lair of Beasts
 26403 | Lair:6   | Found a viscous altar of Jiyva.
 26404 | Lair:6   | Found a staircase to the Slime Pits.
 26467 | Lair:6   | Noticed Rupert
 26469 | Lair:6   | Reached XP level 14. HP: 87/87 MP: 14/27
 28191 | Lair:6   | Noticed Rupert
 28191 | Lair:6   | Rupert changed into Rupert the frost giant
 28335 | Lair:6   | Killed Rupert the frost giant
 28335 | Lair:6   | Reached skill level 10 in Fighting
 28335 | Lair:6   | Reached skill level 10 in Necromancy
 28344 | Lair:6   | Learned a level 6 spell: Death Channel
 28732 | Lair:6   | Noticed a dire elephant
 28845 | Lair:6   | Killed a dire elephant
 28845 | Lair:6   | Noticed a dire elephant
 28996 | Lair:6   | Killed a dire elephant
 29056 | Lair:6   | Noticed a dire elephant
 29056 | Lair:6   | Noticed a dire elephant
 29078 | Lair:6   | Killed a dire elephant
 29093 | Lair:6   | Killed a dire elephant
 29739 | Lair:6   | Got a shimmering scimitar
 29740 | Lair:6   | Identified the +8 scimitar of Beyond {vorpal, rC+ MR+} (You
                  | found it on level 6 of the Lair of Beasts)
 30594 | D:10     | Killed Snorg
 30811 | D:10     | You are sucked into a shaft and drop 3 floors!
 30979 | D:13     | Found a gate leading to a gauntlet.
 30990 | Gauntlet | Entered a Gauntlet
 30990 | Gauntlet | Found a runed translucent door.
 30990 | Gauntlet | Found a transporter.
 30990 | Gauntlet | Found a runed translucent door.
 31100 | Gauntlet | Found a transporter.
 31102 | Gauntlet | Found a transporter.
 31113 | Gauntlet | Found a transporter.
 31121 | Gauntlet | Found a transporter.
 31143 | Gauntlet | Found a transporter.
 31153 | Gauntlet | Found a transporter.
 31163 | Gauntlet | Found a transporter.
 31183 | Gauntlet | Found a transporter.
 31197 | Gauntlet | Found a runed translucent gate.
 31198 | Gauntlet | Found a transporter.
 31198 | Gauntlet | Found a runed translucent gate.
 31198 | Gauntlet | Found a transporter.
 31245 | Gauntlet | Found a transporter.
 31259 | Gauntlet | Found a transporter.
 31268 | Gauntlet | Found a runed translucent gate.
 31295 | Gauntlet | Found a transporter.
 31807 | Gauntlet | Identified the Guide on Transmigration
 31879 | Gauntlet | Identified the Handbook of Virous Bewitchment
 31972 | Gauntlet | Got a faintly glowing flail
 31973 | Gauntlet | Identified the +6 flail of the Twisting Enemy {freeze,
                  | Int+5 Dex+2} (You found it in a Gauntlet)
 32005 | D:13     | Shot with an arrow by a centaur warrior

Illustrated notes

Levels and vault maps discovered:
D:1:      heliophobic_arrival_enchanted_forest, layout_rooms
D:2:      layout_loops_corners, uniq_sigmund, uniq_natasha
D:3:      layout_rooms, old_standard_altar, uniq_ijyb
D:4:      layout_basic, st_stairs_1
D:5:      layout_basic
D:6:      layout_loops_ring, eat_drink_and_be_merry_uskayaw,
          nicolae_overflow_hidden_temple, old_standard_altar,
          minmay_temple_entry_offerings
D:7:      layout_basic
D:8:      layout_cave_pools, grunt_dithmenos_smoke, lemuel_round_altar,
          yredelemnul_forgotten_temple_becter, dpeg_lair_monsters
D:9:      layout_stronghold
D:10:     layout_rooms, serial_glass, glass_columns_c, glass_columns_b,
          glass_columns_c, uniq_snorg, uniq_sonja
D:13:     layout_basic, gauntlet_entry_generic, minivault_16, uniq_urug
Lair:1:   beast_lair_carwin_large_4, layout_chaotic_city
Lair:2:   layout_loops_ring
Lair:3:   layout_chaotic_city, minmay_shoals_entry_beasts,
          spider_nest_entry_webs, minmay_another_anthill, grunt_megastairs_3,
          serial_bayou_shore_a
Lair:4:   layout_cave_pods, minmay_lair_oklob_chamber, lemuel_fruit_fields
Lair:5:   layout_cave_pods, pf_torpor_hydra
Lair:6:   due_jungle_book, layout_regular_city, slime_altar_1,
          chequers_serial_rivers_large_a, uniq_rupert

Skill      XL: |  1  2  3  4  5  6  7  8  9 10 11 12 13 14 |
---------------+-------------------------------------------+-----
Conjurations   | 2 3 4 5 6 8 |  8.0
Fighting       | 1 2 3 4 5 6 7 8 9 10 | 10.0
Air Magic      | 5 6 7 9 11 12 | 12.0
Dodging        | 3 4 5 6 7 8 9 10 | 10.1
Spellcasting   | 3 5 6 8 |  8.0
Evocations     | 3 6 8 10 12 | 12.0
Necromancy     | 2 6 9 11 | 11.3
Ice Magic      | 1 3 5 6 |  6.8
Stealth        | |  2.0

Action                   |  1- 3 |  4- 6 |  7- 9 | 10-12 | 13-15 || total
-------------------------+-------+-------+-------+-------+-------++-------
Melee: Unarmed           |     7 |       |       |       |       ||     7
       Short sword       |    17 |       |       |       |       ||    17
       Dagger            |     7 |       |    38 |   174 |    44 ||   263
       Mace              |    18 |    52 |    82 |     7 |       ||   159
       Peck              |     4 |     3 |    20 |    42 |    41 ||   110
       Kick              |     3 |    10 |    33 |    74 |    52 ||   172
       Staff             |       |       |       |     9 |       ||     9
       Rapier            |       |       |       |       |    54 ||    54
       Scimitar          |       |       |       |       |    25 ||    25
Throw: Dart              |       |       |       |     2 |     1 ||     3
 Cast: Shock             |    43 |    82 |   122 |    17 |     5 ||   269
       Static Discharge  |       |     1 |     8 |    16 |    21 ||    46
       Airstrike         |       |       |    32 |   217 |   208 ||   457
       Lightning Bolt    |       |       |       |    25 |    70 ||    95
       Swiftness         |       |       |       |     3 |     7 ||    10
       Animate Dead      |       |       |       |       |    12 ||    12
       Frozen Ramparts   |       |       |       |       |     2 ||     2
Invok: Receive Corpses   |       |       |       |       |     5 ||     5
 Abil: Fly               |       |     1 |       |       |       ||     1
Evoke: Wand              |       |       |       |     1 |    23 ||    24
  Use: Potion            |     1 |     1 |     1 |     3 |     5 ||    11
       Scroll            |       |    12 |     9 |    10 |    12 ||    43
 Stab: Distracted        |     1 |       |       |       |       ||     1
       Sleeping          |     1 |     4 |     4 |     1 |       ||    10
Armor: Robe              |    19 |     5 |    17 |    14 |     7 ||    62
       Skin              |       |       |    17 |       |       ||    17
       Leather armour    |       |       |       |     1 |       ||     1
Dodge: Dodged            |    58 |    59 |   149 |   367 |   346 ||   979
       Rpst.: Scimitar   |       |       |       |       |    22 ||    22

Table legend: (Time is in decaauts)
 A = Elapsed time spent in this place.
 B = Non-inter-level travel time spent in this place.
 C = Inter-level travel time spent in this place.
 D = Time resting spent in this place.
 E = Time spent auto-exploring this place.
 F = Levels seen in this place.
 G = Mean time per level.
                   A        B        C        D        E       F      G
               +--------+--------+--------+--------+--------+-----+--------+
         Total |  31000 |  29727 |   1273 |   8230 |  17700 |  18 | 1722.2 |
       Dungeon |  14930 |  14108 |    822 |   3229 |   9104 |  11 | 1357.3 |
          Lair |  15136 |  14686 |    450 |   4437 |   8369 |   6 | 2522.7 |
      Gauntlet |    933 |    933 |      0 |    562 |    226 |   1 |  933.0 |
               +--------+--------+--------+--------+--------+-----+--------+

Top non-repeatable levels by time:
     D:9: 3873 daAuts
  Lair:5: 3264 daAuts
  Lair:6: 2930 daAuts
  Lair:2: 2926 daAuts
  Lair:4: 2313 daAuts
  Lair:1: 2220 daAuts
     D:2: 1950 daAuts
  Lair:3: 1480 daAuts
     D:7: 1396 daAuts
     D:5: 1311 daAuts
     D:1: 1297 daAuts
     D:8: 1285 daAuts
    D:10: 1145 daAuts
     D:6: 1125 daAuts
Gauntlet: 933 daAuts
